 Dungeon Crawl Stone Soup version 0.29.1-1-gd02db6906a (webtiles) character file.

Game seed: 4718457594109389144

1201 experimilk the Arsonist (level 8, -1/59 HPs)
             Began as a Red Draconian Fire Elementalist on Oct 22, 2022.
             Was a Follower of Hepliaklqana.
             Slain by Duvessa
             ... wielding a +0 short sword
              (12 damage)
             ... on level 6 of the Dungeon.
             The game lasted 00:19:11 (10167 turns).

experimilk the Arsonist (DrFE)                     Turns: 10167, Time: 00:19:12

Health: -1/59      AC:  9    Str: 10    XL:     8   Next: 21%
Magic:  14/14      EV: 12    Int: 18    God:    Hepliaklqana [*.....]
Gold:   326        SH:  0    Dex: 12    Spells: 2/15 levels left

rFire   + . .      SeeInvis .   a - +1 spear (venom)
rCold   . . .      Faith    .   f - orb {*Rage}
rNeg    . . .      Spirit   .   (body armour unavailable)
rPois   .          Reflect  .   (helmet restricted)
rElec   .          Harm     .   (no cloak)
rCorr   .          Rampage  .   s - +0 pair of gloves
Will    .....      Rage     20% i - +1 pair of boots
Stlth   +.........              g - amulet of the acrobat
HPRegen 0.19/turn               (no ring)
MPRegen 0.14/turn               (no ring)

@: brilliant, lit by a corona, slowed, glowing, very slow
A: reduced essence, breathe fire, AC +6, unfitting armour, fire resistance 1,
cold-blooded
a: Breathe Fire, Renounce Religion, Recall Ancestor, Ancestor Identity


You were on level 6 of the Dungeon.
You worshipped Hepliaklqana.
Hepliaklqana was aware of your devotion.
You visited 2 branches of the dungeon, and saw 7 of its levels.

You collected 326 gold pieces.

Inventory:

Hand Weapons
 a - a +1 spear of venom (weapon)
 b - a +0 spear of freezing
 x - a +0 trident
Missiles
 h - a throwing net
Armour
 f - an orb of wrath (worn)
 i - a +1 pair of boots (worn)
 s - a +0 pair of gloves (worn)
Jewellery
 g - an amulet of the acrobat (around neck)
 p - an amulet of faith
 r - a +6 ring of intelligence
 v - a ring of positive energy
Wands
 t - a wand of flame (13)
Scrolls
 m - 2 scrolls of amnesia
 o - 2 scrolls of blinking
 u - a scroll of immolation {unknown}
 w - a scroll of identify
 y - a scroll of torment {unknown}
 z - a scroll of poison {unknown}
Potions
 c - 2 potions of heal wounds
 d - a potion of brilliance
 e - 2 potions of flight
 j - a potion of magic
 k - 2 potions of curing
 l - a potion of attraction
 n - a potion of resistance {unknown}
 q - a potion of cancellation {unknown}


   Skills:
 + Level 4.2 Fighting
 - Level 2.0 Dodging
 - Level 1.7 Stealth
 - Level 4.0 Spellcasting
 - Level 1.0 Conjurations
 * Level 1.2 Hexes
 - Level 10.0 Fire Magic
 + Level 1.0 Invocations


You had 2 spell levels left.
You knew the following spells:

 Your Spells              Type           Power      Damage    Failure   Level
a - Foxfire               Conj/Fire      100%       2x1d9     1%          1
c - Flame Wave            Conj/Fire      35%        2d10      16%         4
q - Inner Flame           Hex/Fire       35%        N/A       4%          3
v - Conjure Flame         Conj/Fire      35%        6-21      4%          3
z - Scorch                Fire           100%       2d10      1%          2

Your spell library contained the following spells:

 Spells                   Type           Power      Damage    Failure   Level
 Slow                     Hex            48%        N/A       9%          1
 Freeze                   Ice            20%        1d4       14%         1
 Confusing Touch          Hex            12%        N/A       26%         3
 Frozen Ramparts          Ice            10%        1d2       41%         3
 Gell's Gravitas          Tloc           5%         N/A       41%         3
 Lesser Beckoning         Tloc           5%         N/A       41%         3
 Teleport Other           Tloc           5%         N/A       41%         3
 Vampiric Draining        Necr           5%         2d6       41%         3
 Hailstorm                Conj/Ice       8%         3d4       75%         4


Dungeon Overview and Level Annotations

Branches:
Dungeon (6/15)             Temple (1/1) D:5

Altars:
Fedhas
Hepliaklqana
Kikubaaqudgha
Nemelex Xobeh
Qazlal
Ru
Trog
Uskayaw
Xom
Yredelemnul
Zin
The Shining One

Annotations:
D:6 Duvessa, Maggie


Innate Abilities, Weirdness & Mutations

Your life essence is reduced to manifest your ancestor. (-10% HP)
You can breathe blasts of fire.
Your fiery red scales are hard. (AC +6)
You cannot fit into any form of body armour.
Your flesh is heat resistant. (rF+)
You are cold-blooded and may be slowed by cold attacks.


Message History

Bolek resists.
Dowan drinks a potion.
Dowan seems to speed up.
Bolek barely misses the ice beast.
Casting: Scorch (safe; 1% risk of failure)
Confirm with . or Enter, or press ? or * to list all spells.
Flames lash Dowan.
Dowan is burned terribly!
You kill Dowan!
Duvessa weeps, and shakes her weapon.
Duvessa goes berserk!
Duvessa rages.
The ice beast hits Bolek.
The ice beast freezes Bolek.
Bolek resists.
Bolek is destroyed!
The ice beast barely misses you.
Your Hexes skill increases to level 1!
Your Invocations skill increases to level 1!
Casting: Scorch (safe; 1% risk of failure)
Confirm with . or Enter, or press ? or * to list all spells.
Flames lash Duvessa.
Duvessa is lightly wounded.
Duvessa's fire resistance burns away.
Duvessa completely misses you.
The ice beast hits you but does no damage.
Unknown command.
Casting: Scorch (safe; 1% risk of failure)
Confirm with . or Enter, or press ? or * to list all spells.
Flames lash Duvessa but do no damage.
Duvessa misses you.
The ice beast hits you but does no damage.
The ice beast hits you. The ice beast freezes you!
An orc comes into view. It is wielding a +0 morningstar.
Duvessa hits you with a +0 short sword! Magic courses through your body.
Duvessa hits you but does no damage.
The ice beast hits you but does no damage. x2
You feel clever all of a sudden. Duvessa closely misses you.
An orc comes into view. It is wielding a +0 dagger.
The ice beast hits you. The ice beast freezes you!
You feel yourself slow down. The ice beast hits you. The ice beast freezes you!
* * * LOW HITPOINT WARNING * * *
Duvessa hits you with a +0 short sword!
You die...

#.≈.......##
#.≈........##
#h≈....<....# #
##.≈.........# ..
...≈5..<.....###.##
≈≈≈≈..............#
...................
..........Ye.......
..........Y@##.
)....#.....o)..#
###########...##
o.#... .#####. ## #


You could see Duvessa (berserk, combustible), 2 ice beasts, a white imp
(wandering) and 2 orcs.

Vanquished Creatures
  2 sky beasts (D:6)
  A black bear (D:4)
  An ogre (D:5)
  A centaur (D:5)
  2 necrophages (D:5)
  2 scorpions
  Dowan (D:6)
  2 howler monkeys (D:3)
  A hound (D:5)
  An orc priest (D:4)
  Natasha (thrice) (D:2)
  4 iguanas
  An orc wizard (D:5)
  5 adders
  A white imp (D:5)
  A worm (D:3)
  2 dart slugs
  12 orcs
  4 endoplasms (D:1)
  2 giant cockroaches
  9 goblins
  6 hobgoblins (D:1)
  5 kobolds
  A quokka (D:1)
  6 ball pythons
  2 bats
  5 frilled lizards
  4 rats (D:1)
87 creatures vanquished.

Vanquished Creatures (others)
  An ancestor (D:6)
  198 foxfires
199 creatures vanquished.

Grand Total: 286 creatures vanquished

Notes
Turn   | Place    | Note
-------+----------+-------------------------------------------
     0 | D:1      | experimilk the Draconian Fire Elementalist began the quest
                  | for the Orb.
     0 | D:1      | Reached XP level 1. HP: 14/14 MP: 3/3
   110 | D:1      | Found a faded altar of an unknown god.
   645 | D:1      | Reached XP level 2. HP: 20/20 MP: 0/5
   651 | D:1      | Learned a level 2 spell: Scorch
   858 | D:1      | Reached skill level 4 in Fire Magic
  1885 | D:1      | Reached XP level 3. HP: 26/26 MP: 0/6
  2770 | D:2      | Noticed Natasha
  2775 | D:2      | Killed Natasha
  2959 | D:2      | Reached XP level 4. HP: 33/33 MP: 3/7
  3246 | D:2      | Noticed Natasha
  3252 | D:2      | Killed Natasha
  3253 | D:2      | Reached skill level 5 in Fire Magic
  3539 | D:2      | Noticed Natasha
  3545 | D:2      | Killed Natasha
  4106 | D:3      | Found a hide-covered altar of Uskayaw.
  4408 | D:3      | Reached skill level 6 in Fire Magic
  4408 | D:3      | Reached XP level 5. HP: 38/38 MP: 1/8
  5382 | D:3      | Reached skill level 1 in Fighting
  5857 | D:4      | Learned a level 4 spell: Flame Wave
  5977 | D:4      | Reached XP level 6. HP: 47/47 MP: 2/9
  6902 | D:4      | You fall into a shaft and drop 1 floor!
  6902 | D:5      | Entered Level 5 of the Dungeon
  7352 | D:4      | Reached skill level 7 in Fire Magic
  7594 | D:5      | Found a staircase to the Ecumenical Temple.
  7674 | Temple   | Entered the Ecumenical Temple
  7674 | Temple   | Found a transporter.
  7674 | Temple   | Found a transporter.
  7676 | Temple   | Found a transporter.
  7676 | Temple   | Found a transporter.
  7710 | Temple   | Became a worshipper of Hepliaklqana the Forgotten
  7751 | D:5      | Your scales start taking on a fiery red colour.
  7751 | D:5      | Reached skill level 8 in Fire Magic
  7751 | D:5      | Reached XP level 7. HP: 55/55 MP: 5/11
  7751 | D:5      | Gained mutation: Your flesh is heat resistant. (rF+) [Red
                  | Draconian growth]
  7816 | D:5      | Learned a level 3 spell: Inner Flame
  7820 | D:5      | Learned a level 3 spell: Conjure Flame
  7863 | D:5      | Reached skill level 9 in Fire Magic
  8353 | D:5      | Found a blossoming altar of Fedhas.
  8358 | D:5      | Found a glowing golden altar of the Shining One.
  8517 | D:5      | Reached * piety under Hepliaklqana
  9643 | D:6      | Noticed Duvessa
  9643 | D:6      | Noticed Dowan
  9685 | D:6      | Reached skill level 10 in Fire Magic
  9685 | D:6      | Reached XP level 8. HP: 59/59 MP: 9/14
  9699 | D:6      | Noticed Maggie
 10163 | D:6      | Killed Dowan
 10164 | D:6      | Reached skill level 1 in Hexes
 10164 | D:6      | Reached skill level 1 in Invocations
 10167 | D:6      | Slain by Duvessa

Illustrated notes

Levels and vault maps discovered:
D:1:      dpeg_arrival_three_same_balls, layout_basic, basic_ecumenical_altar
D:2:      layout_basic, uniq_natasha
D:3:      layout_loops_corners, lemuel_doored_altar
D:4:      layout_basic
D:5:      layout_basic, mainiacjoe_overflow_big_doors,
          minmay_temple_entry_ruins, minmay_diced_spiral
D:6:      layout_rooms, nicolae_overflow_squiral,
          amcnicky_mini_corridor_feature, uniq_duvessa, uniq_maggie
Temple:   hellmonk_temple_divided_pantheon

Skill      XL: |  1  2  3  4  5  6  7  8 |
---------------+-------------------------+-----
Fire Magic     | 4 6 8 10 | 10.0
Fighting       | 1 2 3 4 |  4.2
Spellcasting   | 3 4 |  4.0
Dodging        | 2 |  2.0
Hexes          | 1 |  1.2
Invocations    | 1 |  1.0
Stealth        | |  1.7
Conjurations   | |  1.0

Action                   |  1- 3 |  4- 6 |  7- 9 || total
-------------------------+-------+-------+-------++-------
Melee: Spear             |    19 |    25 |     7 ||    51
       Tailslap          |     1 |     1 |       ||     2
 Cast: Foxfire           |    62 |    46 |    13 ||   121
       Scorch            |     3 |    29 |    27 ||    59
       Conjure Flame     |       |       |     1 ||     1
       Inner Flame       |       |       |     1 ||     1
Invok: Recall Ancestor   |       |       |     1 ||     1
 Abil: Breathe Fire      |       |       |     3 ||     3
  Use: Scroll            |     4 |     5 |       ||     9
       Potion            |       |       |     2 ||     2
Armor: Skin              |     4 |     8 |    20 ||    32
Dodge: Dodged            |    11 |    20 |    31 ||    62
